 Dungeon Crawl Stone Soup version 0.23.2 (webtiles) character file.

Game seed: 1399020455974654920

30 Borgoz the Covered (level 3, -5/23 HPs)
             Began as a Gargoyle Fighter on Mar 31, 2019.
             Was an Initiate of Ashenzari.
             Slain by Sigmund
             ... wielding a +0 scythe of venom
              (10 damage)
             ... on level 2 of the Dungeon.
             The game lasted 00:01:55 (860 turns).

Borgoz the Covered (Gargoyle Fighter)                Turns: 860, Time: 00:01:56

Health: -5/23      AC: 10    Str: 24    XL:     3   Next: 18%
Magic:  3/3        EV:  8    Int:  8    God:    Ashenzari [......]
Gold:   73         SH:  9    Dex: 10    Spells: 2/2 levels left

rFire    . . .     SeeInvis .   a - +0 rapier
rCold    . . .     Gourm    .   c - +0 shield
rNeg     + . .     Faith    .   b - +0 scale mail
rPois    ∞         Spirit   .   (no helmet)
rElec    +         Reflect  .   (no cloak)
rCorr    .         Harm     .   (no gloves)
MR       .....                  (no boots)
Stlth    ..........             (no amulet)
HPRegen  0.07/turn              (no ring)
MPRegen  0.08/turn              (no ring)

@: mighty
A: negative energy resistance 1, electricity resistance, unbreathing,
petrification resistance, rot immunity, AC +3
a: Curse Item, Renounce Religion


You were on level 2 of the Dungeon.
You worshipped Ashenzari.
Ashenzari was noncommittal.
You were not hungry.

You visited 1 branch of the dungeon, and saw 2 of its levels.

You collected 73 gold pieces.

Inventory:

Hand Weapons
 a - a +0 rapier (weapon)
Armour
 b - a +0 scale mail (worn)
 c - a +0 shield (worn)
Scrolls
 i - a scroll of identify {unknown}
 j - a scroll of fog {unknown}
 k - a scroll of amnesia {unknown}
Potions
 g - a potion of degeneration {unknown}
 l - a potion of lignification {unknown}
Comestibles
 f - 4 rations


   Skills:
 + Level 3.4 Fighting
 * Level 2.2 Short Blades
 + Level 3.5 Armour
 * Level 1.0 Dodging
 + Level 0.9 Stealth
 + Level 3.4 Shields


You had 2 spell levels left.
You didn't know any spells.
Your spell library was empty.

Dungeon Overview and Level Annotations

Branches:
Dungeon (2/15)

Altars:
Ashenzari

Annotations:
D:2 Sigmund


Innate Abilities, Weirdness & Mutations

You are resistant to torment.
Your stone body is resilient. (AC +3)
You are immune to poison.
You resist negative energy. (rN+)
You are resistant to electric shocks. (rElec)
You can survive without breathing.
You are immune to petrification.
You are immune to rotting.


Message History

The bat hits you but does no damage.
You barely miss the bat. The bat hits you but does no damage.
The bat barely misses you. Something hits you.
You puncture the bat!
You kill the bat!
Something hits you but does no damage.
You puncture the goblin!
You kill the goblin!
The goblin hits you but does no damage.
You closely miss the goblin. Something hits you but does no damage.
You block the goblin's attack. x2
You puncture the goblin!
You kill the goblin!
Something hits you.
* * * LOW HITPOINT WARNING * * *
You puncture the kobold!
You kill the kobold!
Your Dodging skill increases to level 1!
Something hits you!
You die...

.....## ...... <.....
...... ....# ......
....# #..g... ....#
###%.... ..>.#
##...{.. ##..# #....#
....# ####...#########
###.#
###.....r)@......# #
#.###...##...#######.#
#.....######## #..####
#..# #.## ###


You could see a rat.

Vanquished Creatures
  An ooze (D:2)
  A dart slug (D:2)
  4 goblins
  A hobgoblin (D:1)
  7 kobolds
  7 bats
  4 rats
25 creatures vanquished.

Notes
Turn   | Place    | Note
-------+----------+-------------------------------------------
     0 | D:1      | Borgoz the Gargoyle Fighter began the quest for the Orb.
     0 | D:1      | Reached XP level 1. HP: 14/14 MP: 1/1
   108 | D:1      | Reached XP level 2. HP: 19/19 MP: 2/2
   116 | D:1      | Found a shattered altar of Ashenzari.
   138 | D:1      | Became a worshipper of Ashenzari the Shackled
   827 | D:2      | Reached XP level 3. HP: 23/23 MP: 3/3
   840 | D:2      | Noticed Sigmund
   860 | D:2      | Reached skill level 1 in Dodging
   860 | D:2      | Slain by Sigmund

Skill      XL: |  1  2  3 |
---------------+----------+-----
Short Blades   | 2 |  2.2
Dodging        | 1 |  1.0
Fighting       | |  3.4
Armour         | |  3.5
Stealth        | |  0.9
Shields        | |  3.4

Action                   || total
-------------------------++-------
Melee: Rapier            ||    99
  Use: Potion            ||     2
Armor: Scale mail        ||    69
Dodge: Dodged            ||    37
Block: Shield            ||    68
